 Dungeon Crawl Stone Soup version 0.27-a0-1228-gfd60fd639a (webtiles) character file.

Game seed: 4014403059514423596

3294 sanka the Nimble (level 10, -4/77 HPs)
             Began as a Djinni Artificer on June 7, 2021.
             Was an Initiate of Makhleb.
             Slain by an unseen horror (9 damage)
             ... on level 8 of the Dungeon.
             The game lasted 00:15:26 (12815 turns).

sanka the Nimble (Djinni Artificer)                Turns: 12815, Time: 00:15:27

Health: -4/77      AC:  8    Str: 11    XL:     10   Next: 20%
Gold:   354        EV: 15    Int: 16    God:    Makhleb [......] SH:  0 Dex: 14

rFire    + + .     SeeInvis .   a - +1 whip (elec)
rCold    x . .     Faith    +   (no shield)
rNeg     . . .     Spirit   .   o - +3 leather armour {Will+}
rPois    ∞         Reflect  .   t - +0 helmet
rElec    .         Harm     .   f - +0 cloak
rCorr    .         Rampage  .   (no gloves)
Will     ++...                  (boots unavailable)
Stlth    +.........             q - amulet of faith
HPRegen  0.22/turn              (no ring)
MPRegen  0.00/turn              (no ring)

@: flying
A: sickness immunity, fire resistance 2, cold vulnerability 1, float, innate
caster, hp casting, extra vitality 1
a: Renounce Religion


You were on level 8 of the Dungeon.
You worshipped Makhleb.
Makhleb was noncommittal.
You visited 2 branches of the dungeon, and saw 9 of its levels.

You collected 354 gold pieces.


Innate Abilities, Weirdness & Mutations

You are immune to sickness and miasma.
You are immune to poison.
Your flesh is very heat resistant. (rF++)
You are vulnerable to cold. (rC-)
You float through the air rather than walking.
You learn spells naturally, not from books.
Your magical power is your life essence.
You have superior vitality. (+4 HP)


   Skills:
 + Level 8.4 Fighting
 - Level 1.0 Armour
 + Level 8.8 Dodging
 - Level 0.7 Stealth
 + Level 5.8 Spellcasting
 - Level 3.0 Evocations


You had 12 spell levels left.
You knew the following spells:

 Your Spells              Type           Power      Damage    Failure   Level
b - Blink                 Tloc           N/A        N/A       2%          2
x - Call Imp              Summ           23%        N/A       2%          2
y - Lesser Beckoning      Tloc           11%        N/A       4%          3
z - Freeze                Ice            92%        1d10      1%          1
Your spell library was empty.

Inventory:

Hand Weapons
 a - a +1 whip of electrocution (weapon)
 b - a +2 flail of protection
 s - a +2 short sword of venom
 y - a +0 trident of protection
Armour
 f - a +0 cloak (worn)
 o - a +3 leather armour of willpower (worn)
 t - a +0 helmet (worn)
Jewellery
 q - an amulet of faith (around neck)
Wands
 c - a wand of flame (16) (quivered)
 d - a wand of charming (15)
 h - a wand of polymorph (7)
 A - a wand of iceblast (5)
Scrolls
 g - 4 scrolls of identify {unknown}
 j - a scroll of fog {unknown}
 k - 2 scrolls of enchant weapon {unknown}
 l - 2 scrolls of teleportation {unknown}
 m - a scroll of blinking {unknown}
 n - 5 scrolls of magic mapping {unknown}
 p - a scroll of amnesia {unknown}
 r - a scroll of enchant armour {unknown}
 x - a scroll of brand weapon {unknown}
 B - a scroll of summoning {unknown}
Potions
 i - 2 potions of lignification {unknown}
 u - a potion of flight {unknown}
 v - a potion of magic {unknown}
 w - a potion of cancellation {unknown}
 z - a potion of might {unknown}
Miscellaneous
 e - a piece from Xom's chessboard (15/15)

Dungeon Overview and Level Annotations

Branches:
Dungeon (8/15)             Temple (1/1) D:5
   Lair: D:8-11

Altars:
Ashenzari
Cheibriados
Dithmenos
Elyvilon
Fedhas
Gozag
Hepliaklqana
Kikubaaqudgha
Makhleb
Nemelex Xobeh
Okawaru
Qazlal
Ru
Sif Muna
Trog
Uskayaw
Vehumet
Wu Jian
Xom
Yredelemnul
Zin
The Shining One

Shops:
D:2 (   D:4 (?[*!

Annotations:
D:2 1 runed translucent door, Crazy Yiuf

▒....▒ ..▒ ▒▒▒▒.▒▒▒▒▒▒▒▒▒..▒
▒.>..........▒▒
▒.▒▒▒▒▒▒▒......▒▒▒.>..
▒..............▒ ..▒
▒▒▒▒▒▒▒.▒▒.▒.▒.▒▒▒..▒
▒.▒▒.▒.▒......▒
▒.▒▒.▒.▒▒▒.▒▒)▒
▒.▒▒.▒R▒▒▒.▒▒.▒
▒▒▒▒▒▒▒▒▒▒▒.▒▒.▒[▒......▒
............▒▒.▒5▒.▒.▒..▒▒.
.▒▒▒▒▒▒▒▒▒..................
▒▒ ▒▒.▒▒.▒▒▒.▒.▒.▒▒▒▒▒
▒▒▒▒▒.▒.▒...........
▒....▒▒▒.▒▒▒▒.▒.▒.▒▒▒
▒.▒▒▒.▒.▒▒ ▒▒...▒▒ ▒.▒ ▒▒.▒▒
▒.▒▒


You could see a friendly crimson imp (summoned).


Message History

Something hits you.
* * * LOW HITPOINT WARNING * * *
Aiming: Freeze (safe; 1% risk of failure) There's nothing close enough!
* * * LOW HITPOINT WARNING * * *
Something hits you but does no damage. Something hits your white imp.
Your white imp dies!
Aiming: Freeze (safe; 1% risk of failure)
You freeze something!
* * * LOW HITPOINT WARNING * * *
Something barely misses you. Something hits you but does no damage.
You barely miss something. Something hits you.
* * * LOW HITPOINT WARNING * * *
Something hits you but does no damage.
You closely miss something. Something hits you but does no damage.
Something hits your crimson imp but does no damage.
Something hits you!
* * * LOW HITPOINT WARNING * * *
Something hits you!
* * * LOW HITPOINT WARNING * * *
Something hits you.
* * * LOW HITPOINT WARNING * * *
Something hits you but does no damage.
You see here a +0 ring mail.
Something hits you!
You die...

Action                   |  1- 3 |  4- 6 |  7- 9 | 10-12 || total
-------------------------+-------+-------+-------+-------++-------
Melee: Club              |   116 |       |       |       ||   116
       Short sword       |       |   115 |    85 |     9 ||   209
       Trident           |       |       |    10 |       ||    10
       Flail             |       |       |    46 |     4 ||    50
       Whip              |       |       |       |     4 ||     4
 Cast: Freeze            |     9 |    21 |   147 |    54 ||   231
       Call Imp          |       |       |     5 |     2 ||     7
Evoke: Wand              |     1 |       |     5 |       ||     6
  Use: Potion            |       |       |     2 |       ||     2
 Stab: Sleeping          |     1 |     1 |       |       ||     2
Armor: Leather armour    |    34 |    35 |   107 |    33 ||   209
Dodge: Dodged            |    71 |    86 |   245 |    64 ||   466

Levels and vault maps discovered:
D:1:      onia_arrival_zoo_common, layout_basic, basic_ecumenical_altar,
          minmay_misc_feat_square, st_stairs_14
D:2:      layout_basic, serial_shops, shop, basic_altar, uniq_jessica,
          uniq_crazy_yiuf_cottage
D:3:      minmay_roachtagon, layout_basic
D:4:      cheibrodos_old_hovel, layout_loops_corners,
          nicolae_gozag_seed_capital, serial_shops, kennysheep_mini_moat, shop,
          nicolae_shop_window_shopping, nicolae_shop_behind_doors,
          nicolae_shop_crystal, uniq_blork_the_orc, uniq_eustachio, uniq_ijyb
D:5:      layout_loops_ring, minmay_temple_entry_slanted,
          nicolae_underground_beach, uniq_edmund
D:6:      layout_basic, serial_aquarium, aquarium_bridge_island_large
          [aquarium_subvault_large_water, aquarium_subvault_bridge,
          aquarium_subvault_wall, aquarium_subvault_bridge,
          aquarium_subvault_window], aquarium_window_1, aquarium_window_corner,
          aquarium_window_corridor_3, aquarium_window_fake, aquarium_view_2d,
          aquarium_balcony_double_1, minmay_between, uniq_pikel, uniq_maggie,
          uniq_sigmund
D:7:      layout_cave_pods
D:8:      layout_loops_ring, chequers_serial_rivers_small_3, uniq_maurice
Temple:   kilobyte_greek_temple

Notes
Turn   | Place    | Note
-------+----------+-------------------------------------------
     0 | D:1      | sanka the Djinni Artificer began the quest for the Orb.
     0 | D:1      | Reached XP level 1. HP: 17/17 MP: 0/0
     6 | D:1      | Noticed a hound
     6 | D:1      | Noticed a black mamba
     7 | D:1      | Noticed a black bear
   250 | D:1      | Reached skill level 2 in Fighting
   250 | D:1      | Reached XP level 2. HP: 14/23 MP: 0/0
   400 | D:1      | Found a faded altar of an unknown god.
   852 | D:1      | Reached XP level 3. HP: 25/29 MP: 0/0
   852 | D:1      | Learned a level 1 spell: Freeze
  1330 | D:1      | Reached skill level 3 in Fighting
  1550 | D:2      | Noticed Jessica
  1566 | D:2      | Killed Jessica
  1567 | D:2      | Reached skill level 1 in Spellcasting
  1567 | D:2      | Reached XP level 4. HP: 16/35 MP: 0/0
  1916 | D:2      | Found Xatiahit's Weapon Shop.
  1996 | D:2      | Found a runed translucent door.
  1997 | D:2      | Noticed Crazy Yiuf
  2406 | D:2      | Found a blossoming altar of Fedhas.
  2911 | D:3      | Reached skill level 2 in Spellcasting
  3115 | D:3      | Reached XP level 5. HP: 40/40 MP: 0/0
  3115 | D:3      | Learned a level 2 spell: Blink
  4338 | D:4      | Noticed Ijyb
  4343 | D:4      | Killed Ijyb
  4344 | D:4      | Reached skill level 3 in Spellcasting
  4400 | D:4      | Noticed Eustachio
  4549 | D:4      | Killed Eustachio
  4550 | D:4      | Reached skill level 4 in Spellcasting
  4550 | D:4      | Reached XP level 6. HP: 17/46 MP: 0/0
  4784 | D:4      | Found Xiffoy's General Store.
  4826 | D:4      | Found Vuej's Antique Armour Shop.
  4834 | D:4      | Noticed Blork the orc
  4845 | D:4      | Killed Blork the orc
  4846 | D:4      | Reached XP level 7. HP: 22/50 MP: 0/0
  4846 | D:4      | Learned a level 2 spell: Call Imp
  5035 | D:4      | Found Geoqum's Antique Weapon Boutique.
  5037 | D:4      | Found Ofras's Magic Scroll Shop.
  5059 | D:4      | Found an opulent altar of Gozag.
  5717 | D:4      | Found Ciuxupnefy's Distillery.
  6220 | D:5      | Entered Level 5 of the Dungeon
  6233 | D:5      | Reached skill level 3 in Dodging
  6253 | D:5      | Found a staircase to the Ecumenical Temple.
  6266 | Temple   | Entered the Ecumenical Temple
  6433 | Temple   | Became a worshipper of Makhleb the Destroyer
  6532 | D:5      | Noticed Edmund
  6545 | D:5      | Killed Edmund
  6546 | D:5      | Reached skill level 5 in Spellcasting
  6546 | D:5      | Reached XP level 8. HP: 20/58 MP: 0/0
  6552 | D:5      | Reached skill level 4 in Fighting
  6916 | D:5      | Reached skill level 4 in Dodging
  7600 | D:6      | Noticed Pikel
  7726 | D:5      | Killed Pikel
  7727 | D:5      | Reached skill level 5 in Fighting
  7727 | D:5      | Reached skill level 5 in Dodging
  7905 | D:6      | Reached skill level 6 in Dodging
  7905 | D:6      | Reached XP level 9. HP: 61/66 MP: 0/0
  7905 | D:6      | Learned a level 3 spell: Lesser Beckoning
  7910 | D:6      | Reached skill level 6 in Fighting
  8059 | D:6      | Noticed Sigmund
  8065 | D:6      | Killed Sigmund
  8262 | D:6      | Reached skill level 7 in Dodging
  8620 | D:6      | Identified +0 swamp dragon scales
  8620 | D:6      | Noticed Maggie
  8645 | D:6      | HP: 1/67 [Maggie/+0 long sword of flaming (6)]
  8654 | D:6      | HP: 3/67 [Maggie/+0 long sword of flaming (6)]
  8655 | D:6      | Killed Maggie
  8656 | D:6      | Reached skill level 7 in Fighting
  9976 | D:7      | Reached skill level 8 in Dodging
 10605 | D:8      | Noticed Maurice
 10654 | D:8      | Killed Maurice
 10904 | D:7      | Reached XP level 10. HP: 31/76 MP: 0/0
 11118 | D:7      | Reached skill level 8 in Fighting
 12140 | D:8      | Reached * piety under Makhleb
 12813 | D:8      | HP: 7/77 [something (8)]
 12815 | D:8      | Slain by an unseen horror

Vanquished Creatures
  Pikel (D:5)
  Maggie (D:6)
  Sigmund (D:6)
  Eustachio (D:4)
  2 steam dragons (D:7)
  Edmund (D:5)
  2 orc warriors
  A sky beast (D:8)
  2 black bears (D:6)
  2 ogres (D:6)
  2 lemures (D:5)
  A centaur (D:8)
  Blork the orc (D:4)
  A wyvern zombie (D:8)
  3 bullfrogs
  A howler monkey (D:5)
  6 jellies
  2 bullfrog zombies
  A hound (D:5)
  2 centaur zombies
  4 orc priests
  A bullfrog skeleton (D:4)
  Jessica (D:2)
  Ijyb (D:4)
  4 iguanas
  5 orc wizards
  2 adders
  A shadow imp (D:7)
  An ufetubus (D:7)
  A worm (D:2)
  4 dart slugs
  24 orcs
  3 ball pythons
  4 bats
  7 endoplasms
  14 giant cockroaches
  6 goblins
  4 hobgoblins
  6 jackals
  6 kobolds
  8 quokkas
  4 frilled lizards
  4 rats
149 creatures vanquished.

Vanquished Creatures (others)
  Maurice (D:8)
  An orc (D:6)
  16 fungi (D:6)
  4 plants (D:4)
22 creatures vanquished.

Grand Total: 171 creatures vanquished
